 Dungeon Crawl Stone Soup version 0.29-a0-243-g602b31c20e (webtiles) character file.

Game seed: 6322288204672424458

206 dolemite99 the Sneak (level 5, -5/43 HPs)
             Began as a Gnoll Wanderer on Mar 5, 2022.
             Slain by an ogre
             ... wielding a +0 giant spiked club
              (11 damage)
             ... on level 5 of the Dungeon.
             The game lasted 00:06:30 (4768 turns).

dolemite99 the Sneak (Gnoll Wanderer)               Turns: 4768, Time: 00:06:31

Health: -5/43      AC:  7    Str: 13    XL:     5   Next: 84%
Magic:  9/9        EV: 10    Int: 12    God:
Gold:   174        SH:  0    Dex: 11    Spells: 6/10 levels left

rFire   . . .      SeeInvis .   a - +3 dagger
rCold   . . .      Faith    .   (no shield)
rNeg    . . .      Spirit   .   j - +0 ring mail
rPois   .          Reflect  .   (no helmet)
rElec   .          Harm     .   (no cloak)
rCorr   .          Rampage  .   (no gloves)
Will    .....                   m - +1 pair of boots
Stlth   ++........              (no amulet)
HPRegen 0.14/turn               (no ring)
MPRegen 0.11/turn               (no ring)

@: no status effects
A: fangs 1, strong nose, distributed training
a: no special abilities


You were on level 5 of the Dungeon.
You visited 1 branch of the dungeon, and saw 5 of its levels.

You collected 174 gold pieces.

Inventory:

Hand Weapons
 a - a +3 dagger (weapon)
 e - a +0 spear
 k - a +0 quarterstaff
 l - a +0 hunting sling
Missiles
 b - 132 stones
 f - 6 silver javelins
Armour
 c - a +0 robe
 g - a +0 chain mail
 j - a +0 ring mail (worn)
 m - a +1 pair of boots (worn)
Jewellery
 h - a ring of protection from fire
 i - a ring of wizardry
Scrolls
 d - 2 scrolls of teleportation
Potions
 n - a potion of flight {unknown}
 o - 2 potions of magic {unknown}
 p - a potion of curing {unknown}


   Skills:
 + Level 4.8 Fighting
 + Level 1.6 Short Blades
 + Level 1.6 Long Blades
 + Level 1.6 Axes
 + Level 1.6 Maces & Flails
 + Level 1.6 Polearms
 + Level 1.6 Staves
 + Level 1.6 Slings
 + Level 1.6 Bows
 + Level 1.6 Crossbows
 + Level 1.6 Throwing
 + Level 3.1 Armour
 + Level 1.6 Dodging
 + Level 6.2 Stealth
 + Level 1.6 Shields
 + Level 1.6 Unarmed Combat
 + Level 3.2 Spellcasting
 + Level 1.3 Conjurations
 + Level 1.3 Hexes
 + Level 1.3 Summonings
 + Level 1.3 Necromancy
 + Level 4.0 Translocations
 + Level 1.3 Transmutations
 + Level 1.3 Fire Magic
 + Level 1.3 Ice Magic
 + Level 1.3 Air Magic
 + Level 1.3 Earth Magic
 + Level 1.3 Poison Magic
 + Level 3.2 Invocations
 + Level 1.6 Evocations


You had 6 spell levels left.
You knew the following spells:

 Your Spells              Type           Power      Damage    Failure   Level
a - Apportation           Tloc           22%        N/A       10%         1
b - Frozen Ramparts       Ice            10%        1d3       65%         3

Your spell library contained the following spells:

 Spells                   Type           Power      Damage    Failure   Level
 Freeze                   Ice            20%        1d4       28%         1
 Portal Projectile        Hex/Tloc       16%        N/A       43%         3
 Hailstorm                Conj/Ice       5%         3d4       96%         4


Dungeon Overview and Level Annotations

Branches:
Dungeon (5/15)
 Temple: D:4-7

Altars:
Uskayaw
Xom

Annotations:
D:3 3 runed translucent doors, sammy202020's ghost, amateur MiFi


Innate Abilities, Weirdness & Mutations

You have very sharp teeth.
Your uncanny sense of smell can sniff out nearby items.
Your experience applies equally to all skills.


Message History

You climb downwards.
There is a stone staircase leading up here.
Found 14 gold pieces.
Found a stone staircase leading down.
Found a mace.
There is a stone staircase leading down here.
You climb downwards.
Found a club and a scroll of teleportation.
There is a stone staircase leading up here.
d - 2 scrolls of teleportation (gained 1)
You open the door.
There is an open door here.
You open the door.
There is an open door here.
There is an open door here.
You open the door.
An ogre comes into view. It is wielding a +0 giant club.
The ogre shouts!
You barely miss the ogre. Your punch misses the ogre.
Your bite misses the ogre. You hit the ogre.
The ogre is lightly wounded.
The ogre closely misses you.
You hit the ogre.
The ogre is lightly wounded.
An ogre comes into view. It is wielding a +0 giant spiked club.
The ogre hits you with a +0 giant club!
You hit the ogre.
The ogre is moderately wounded.
The ogre hits you with a +0 giant club!!
Ouch! That really hurt!
* * * LOW HITPOINT WARNING * * *
You barely miss the ogre. You bite the ogre.
The ogre is moderately wounded.
You hit the ogre. Your bite misses the ogre.
The ogre is moderately wounded.
The ogre barely misses you.
You barely miss the ogre.
The ogre is moderately wounded.
The ogre hits you with a +0 giant spiked club!
You die...

..........#....#......#
######.####...###....##
### ########....##
.......#.....#
.......#.....#
.......#.....#
.......#.....#
.......#.....#
......O@.....#
.......#O....#
#....###..#### #...
#..# #.. ∆ .... #.
....# # ∆ ....# #....+


You could see 2 ogres.

Vanquished Creatures
  A scorpion (D:4)
  An orc wizard (D:3)
  2 gnolls (D:2)
  2 adders (D:2)
  2 dart slugs
  5 orcs
  4 ball pythons
  10 endoplasms
  2 giant cockroaches
  4 hobgoblins
  8 jackals
  5 quokkas
  3 bats
  4 frilled lizards (D:1)
  7 goblins
  5 kobolds
  3 rats
68 creatures vanquished.

Notes
Turn   | Place    | Note
-------+----------+-------------------------------------------
     0 | D:1      | dolemite99 the Gnoll Wanderer began the quest for the Orb.
     0 | D:1      | dolemite99 set off with the following items: a +3 dagger, a
                  | scroll of fear, a +0 robe; and the following spell
                  | memorised: Apportation; and the following spells available
                  | to memorise: Portal Projectile
     0 | D:1      | Reached XP level 1. HP: 20/20 MP: 4/4
   149 | D:1      | Reached XP level 2. HP: 26/26 MP: 5/5
   432 | D:1      | Reached XP level 3. HP: 16/31 MP: 7/7
   744 | D:2      | Reached skill level 6 in Stealth
  1861 | D:2      | Reached skill level 1 in Short Blades
  1861 | D:2      | Reached skill level 1 in Long Blades
  1861 | D:2      | Reached skill level 1 in Axes
  1861 | D:2      | Reached skill level 1 in Maces & Flails
  1861 | D:2      | Reached skill level 1 in Polearms
  1861 | D:2      | Reached skill level 1 in Staves
  1861 | D:2      | Reached skill level 1 in Slings
  1861 | D:2      | Reached skill level 1 in Bows
  1861 | D:2      | Reached skill level 1 in Crossbows
  1861 | D:2      | Reached skill level 1 in Throwing
  1861 | D:2      | Reached skill level 1 in Dodging
  1861 | D:2      | Reached skill level 1 in Shields
  1861 | D:2      | Reached skill level 1 in Unarmed Combat
  1861 | D:2      | Reached skill level 1 in Evocations
  2018 | D:2      | Found a shimmering altar of Xom.
  2108 | D:2      | Reached XP level 4. HP: 38/38 MP: 8/8
  2537 | D:2      | Reached skill level 1 in Conjurations
  2537 | D:2      | Reached skill level 1 in Hexes
  2537 | D:2      | Reached skill level 1 in Summonings
  2537 | D:2      | Reached skill level 1 in Necromancy
  2537 | D:2      | Reached skill level 1 in Transmutations
  2537 | D:2      | Reached skill level 1 in Fire Magic
  2537 | D:2      | Reached skill level 1 in Ice Magic
  2537 | D:2      | Reached skill level 1 in Air Magic
  2537 | D:2      | Reached skill level 1 in Earth Magic
  2537 | D:2      | Reached skill level 1 in Poison Magic
  3638 | D:3      | Reached XP level 5. HP: 34/43 MP: 9/9
  3701 | D:3      | Noticed a +0 hand axe
  3701 | D:3      | Noticed a +0 dagger
  3854 | D:3      | Found a hide-covered altar of Uskayaw.
  3989 | D:3      | Found a faded altar of an unknown god.
  4020 | D:3      | Found a runed translucent gate.
  4049 | D:3      | Noticed sammy202020's ghost (amateur MiFi)
  4136 | D:3      | Found a runed translucent gate.
  4136 | D:3      | Found a runed translucent gate.
  4371 | D:3      | Learned a level 3 spell: Frozen Ramparts
  4399 | D:4      | Noticed an ogre
  4719 | D:5      | Entered Level 5 of the Dungeon
  4760 | D:5      | Noticed an ogre
  4763 | D:5      | Noticed an ogre
  4768 | D:5      | Slain by an ogre

Illustrated notes

Levels and vault maps discovered:
D:1:      wander_arrival_chamber, layout_rooms
D:2:      layout_basic, basic_altar
D:3:      layout_loops_ring, dancing_weapons_uskayaw,
          dreamdust_ecumenical_altar_statues, gammafunk_ghost_split,
          kennysheep_path_1
D:4:      layout_cave_pools, kennysheep_boxes
D:5:      layout_gridville, tgw_xom, serial_shops, nicolae_diamond_shop

Skill      XL: |  1  2  3  4  5 |
---------------+----------------+-----
Stealth        | 6 |  6.2
Short Blades   | 1 |  1.6
Long Blades    | 1 |  1.6
Axes           | 1 |  1.6
Maces & Flails | 1 |  1.6
Polearms       | 1 |  1.6
Staves         | 1 |  1.6
Slings         | 1 |  1.6
Bows           | 1 |  1.6
Crossbows      | 1 |  1.6
Throwing       | 1 |  1.6
Dodging        | 1 |  1.6
Shields        | 1 |  1.6
Unarmed Combat | 1 |  1.6
Evocations     | 1 |  1.6
Spellcasting   | 3 |  3.2
Conjurations   | 1 |  1.3
Hexes          | 1 |  1.3
Summonings     | 1 |  1.3
Necromancy     | 1 |  1.3
Transmutations | 1 |  1.3
Fire Magic     | 1 |  1.3
Ice Magic      | 1 |  1.3
Air Magic      | 1 |  1.3
Earth Magic    | 1 |  1.3
Poison Magic   | 1 |  1.3
Invocations    | 3 |  3.2
Armour         | 3 |  3.1
Translocations | 4 |  4.0
Fighting       | |  4.8

Action                   |  1- 3 |  4- 6 || total
-------------------------+-------+-------++-------
Melee: Dagger            |   119 |   137 ||   256
       Bite              |     4 |    10 ||    14
       Quarterstaff      |       |     7 ||     7
       Punch             |       |     3 ||     3
  Use: Scroll            |     1 |     2 ||     3
 Stab: Sleeping          |     4 |     2 ||     6
Armor: Robe              |    11 |       ||    11
       Chain mail        |    66 |    70 ||   136
       Ring mail         |       |    18 ||    18
Dodge: Dodged            |    38 |    57 ||    95

Table legend: (Time is in decaauts)
 A = Elapsed time spent in this place.
 B = Non-inter-level travel time spent in this place.
 C = Inter-level travel time spent in this place.
 D = Time resting spent in this place.
 E = Time spent auto-exploring this place.
 F = Levels seen in this place.
 G = Mean time per level.
                   A        B        C        D        E       F      G
               +--------+--------+--------+--------+--------+-----+--------+
         Total |   4763 |   4623 |    140 |   1908 |   1757 |   5 |  952.6 |
       Dungeon |   4763 |   4623 |    140 |   1908 |   1757 |   5 |  952.6 |
               +--------+--------+--------+--------+--------+-----+--------+

Top non-repeatable levels by time:
     D:2: 1811 daAuts
     D:1: 1769 daAuts
     D:3: 839 daAuts
     D:4: 294 daAuts
     D:5: 48 daAuts
